 Dungeon Crawl Stone Soup version 0.30.0-16-gbe6223bb7e (webtiles) character file.

Game seed: 4558465675450153364

3511 Persephone the Grappler (level 9, 0/109 (133) HPs)
             Began as a Troll Berserker on May 20, 2023.
             Was an Elder of Trog.
             Slain by a wight
             ... wielding a +3 dire flail
              (4 damage)
             ... on level 8 of the Dungeon.
             The game lasted 00:10:25 (5644 turns).

Persephone the Grappler (Troll Berserker)           Turns: 5644, Time: 00:10:25

HP:   0/109 (133)   AC:  5    Str: 31    XL:     9   Next: 81%
MP:   0/8           EV: 10    Int:  3    God:    Trog [****..]
Gold: 489           SH:  0    Dex:  9    Spells: 8/8 levels left

rFire   . .          .
                       - Unarmed
rCold   + . .        (no shield)
rNeg    . . .        r - +0 robe
rPois   +            q - +1 hat
rElec   .            (no cloak)
rCorr   .            (gloves unavailable)
SInv    .            (boots unavailable)
Will    .....        m - amulet of guardian spirit Stlth
                     f - ring of protection from cold
HPRegen 1.18/turn    x - ring of poison resistance
MPRegen 0.11/turn

%: guardian spirit
@: berserking, heavily drained, very quick
A: large, unfitting armour, claws 3, regeneration 1, shaggy fur 1, tough skin 1
a: Renounce Religion, Berserk, Trog's Hand, Brothers in Arms


You were on level 8 of the Dungeon.
You worshipped Trog.
Trog was greatly pleased with you.
You visited 1 branch of the dungeon, and saw 8 of its levels.
You also visited: Bailey.

You collected 489 gold pieces.

Inventory:

Missiles
 c - 4 javelins
 d - 17 boomerangs (quivered)
 n - 6 curare-tipped darts
Armour
 q - a +1 hat (worn)
 r - a +0 robe (worn)
Jewellery
 f - a ring of protection from cold (left claw)
 m - an amulet of guardian spirit (around neck)
 x - a ring of poison resistance (right claw)
Wands
 g - a wand of light (13)
Scrolls
 h - 5 scrolls of teleportation
 o - 2 scrolls of fear
 s - a scroll of amnesia
 t - a scroll of blinking
 v - 7 scrolls of identify
 w - a scroll of fog
 y - a scroll of noise {unknown}
Potions
 a - 2 potions of flight {unknown}
 b - a potion of resistance {unknown}
 e - a potion of ambrosia
 i - 4 potions of attraction
 j - 2 potions of degeneration
 k - 3 potions of brilliance
 l - 2 potions of mutation {unknown}
 p - a potion of might {unknown}
 u - a potion of invisibility {unknown}
 z - a potion of curing {unknown}


   Skills:
 + Level 5.9 Fighting
 + Level 5.7 Throwing
 - Level 2.4 Dodging
 * Level 11.1 Unarmed Combat


You had 8 spell levels left.
You didn't know any spells.
Your spell library was empty.

Dungeon Overview and Level Annotations

Branches:
Dungeon (8/15)             Temple (0/1) D:6          Bailey (visited)
   Lair: D:8-11

Altars:
Ashenzari
Cheibriados
Gozag
Makhleb
Nemelex Xobeh
Uskayaw
Wu Jian

Shops:
D:1 :   D:4 *   D:6 ?*

Annotations:
D:5 1 transporter


Innate Abilities, Weirdness & Mutations

You are too large for most types of armour.
You have claws for hands.
Your natural rate of healing is unusually fast.
You are covered in fur. (AC +1)
You have tough skin. (AC +1)


Message History

You claw the wight!
The wight is heavily damaged.
You scratch the wight but do no damage.
The wight is heavily damaged.
The wight misses you.
The wight hits you with a +3 dire flail!
You feel drained.
You completely miss the wight.
The wight is heavily damaged.
The wight misses you.
The wight hits you with a +3 dire flail!
You feel drained.
A red film seems to cover your vision as you go berserk!
You feel yourself moving faster!
You feel mighty! The wight hits you with a +1 halberd!
The wight hits you with a +3 dire flail!
* * * LOW HITPOINT WARNING * * *
You scratch the wight.
The wight is severely damaged.
The wight hits you with a +1 halberd!
* * * LOW HITPOINT WARNING * * *
You feel drained.
* * * LOW HITPOINT WARNING * * *
The wight barely misses you.
You barely miss the wight. Your claw misses the wight.
The wight is severely damaged.
You barely miss the wight.
The wight is severely damaged.
The wight barely misses you.
The wight hits you with a +3 dire flail!
* * * LOW HITPOINT WARNING * * *
You feel drained.
* * * LOW HITPOINT WARNING * * *
You scratch the wight.
The wight is almost destroyed.
You barely miss the wight.
The wight is almost destroyed.
The wight hits you with a +1 halberd.
You feel drained.
The wight hits you with a +3 dire flail.
You die...

#######
#.....#
##.##.#
#.##)#
#.##@#
#.##zz...#
#.####.###
#.# .# #.#
# #.# #.#
##.#####
#......#


You could see 2 wights.

Vanquished Creatures
  Pikel (D:6)
  Sigmund (D:4)
  Eustachio (D:6)
  3 orc warriors (Bailey)
  A sky beast (D:6)
  A black bear (D:6)
  2 ogres
  2 centaurs
  8 kobold brigands
  5 scorpions
  2 wights (D:8)
  A howler monkey (D:5)
  2 quasits (D:6)
  4 hounds
  6 orc priests
  A jelly (D:5)
  A gnoll bouda (D:7)
  A sleepcap (D:5)
  4 iguanas
  3 orc wizards
  Robin (D:2)
  5 gnolls
  6 adders
  4 shadow imps (D:6)
  4 white imps (D:6)
  8 ufetubi (D:6)
  3 worms
  3 dart slugs
  24 orcs
  4 endoplasms
  3 giant cockroaches
  9 goblins
  11 hobgoblins
  6 jackals
  A quokka (D:1)
  5 ball pythons
  8 bats
  A frilled lizard (D:3)
  26 kobolds
  3 rats
185 creatures vanquished.

Notes
Turn   | Place    | Note
-------+----------+-------------------------------------------
     0 | D:1      | Persephone the Troll Berserker began the quest for the Orb.
     0 | D:1      | Reached XP level 1. HP: 22/22 MP: 0/0
   113 | D:1      | Found Ypsassonk's Book Shoppe.
   203 | D:1      | Reached XP level 2. HP: 29/29 MP: 1/1
   572 | D:2      | Reached skill level 4 in Unarmed Combat
   844 | D:2      | Reached XP level 3. HP: 36/36 MP: 2/2
   862 | D:2      | Reached ** piety under Trog
  1128 | D:2      | Noticed Robin
  1142 | D:2      | Killed Robin
  1243 | D:3      | Reached skill level 5 in Unarmed Combat
  1243 | D:3      | Reached XP level 4. HP: 28/44 MP: 3/3
  1326 | D:3      | Found a faded altar of an unknown god.
  1329 | D:3      | Found a snail-covered altar of Cheibriados.
  1422 | D:3      | Found a faded altar of an unknown god.
  1787 | D:3      | Found a burning altar of Makhleb.
  1861 | D:3      | Reached XP level 5. HP: 50/50 MP: 4/4
  1867 | D:3      | Reached skill level 6 in Unarmed Combat
  1894 | D:3      | Reached *** piety under Trog
  2070 | D:4      | Found Cetia's General Store.
  2287 | D:4      | Reached XP level 6. HP: 59/59 MP: 3/5
  2291 | D:4      | Reached skill level 1 in Throwing
  2471 | D:4      | Reached skill level 7 in Unarmed Combat
  2846 | D:4      | Found an ornate altar of the Wu Jian Council.
  2870 | D:4      | Noticed Sigmund
  2880 | D:4      | Killed Sigmund
  2881 | D:4      | Reached XP level 7. HP: 67/67 MP: 4/6
  2916 | D:5      | Entered Level 5 of the Dungeon
  3044 | D:5      | Reached skill level 8 in Unarmed Combat
  3047 | D:5      | Reached XP level 8. HP: 78/78 MP: 5/7
  3238 | D:5      | Found a sparkling altar of Nemelex Xobeh.
  3238 | D:5      | Found a transporter.
  3341 | D:5      | Found a broken altar of Ashenzari.
  3494 | D:6      | Reached **** piety under Trog
  3648 | D:6      | Found Odilop Caenn's Magic Scroll Boutique.
  3656 | D:6      | Reached skill level 9 in Unarmed Combat
  3692 | D:6      | Noticed Pikel
  3704 | D:6      | Killed Pikel
  3705 | D:6      | Reached XP level 9. HP: 66/87 MP: 4/8
  3741 | D:6      | Found a staircase to the Ecumenical Temple.
  3771 | D:6      | Reached skill level 5 in Fighting
  3793 | D:6      | Noticed Eustachio
  3813 | D:6      | Killed Eustachio
  3814 | D:6      | Reached skill level 10 in Unarmed Combat
  3838 | D:6      | Found Perak's Assorted Antiques.
  4233 | D:7      | Reached skill level 5 in Throwing
  4311 | D:7      | Found an opulent altar of Gozag.
  5029 | D:8      | Found a flagged portal.
  5071 | Bailey   | Entered a bailey
  5139 | Bailey   | HP: 6/132 [orc warrior/+0 war axe (9)]
  5257 | Bailey   | Found a burning altar of Makhleb.
  5364 | D:8      | Reached skill level 11 in Unarmed Combat
  5561 | D:8      | Found a hide-covered altar of Uskayaw.
  5642 | D:8      | HP: 3/111 [wight/+3 dire flail (4)]
  5644 | D:8      | Slain by a wight

Illustrated notes

Levels and vault maps discovered:
D:1:      dpeg_arrival_boxorama, layout_rooms, serial_shops, shop,
          minmay_pentomino_o4
D:2:      layout_basic, uniq_robin
D:3:      layout_basic, nicolae_overflow_ecumenical_swirl, marbit_many_paths,
          shapermc_ecumenical_altar_gd
D:4:      minmay_diamond_boxcup, layout_loops_cross, nzn_wu_jian_council_hall,
          serial_shops, shop, sigmund_edmund_badplayer
D:5:      layout_rooms, grunt_nemelex_the_gamble, mainiacjoe_overflow_alcove_1
D:6:      layout_rooms, minmay_temple_entry_waves, serial_demonic,
          serial_demonic_d, serial_demonic_d, serial_demonic_f,
          serial_demonic_d, serial_shops, shop_fountains, shop, uniq_eustachio,
          uniq_pikel
D:7:      layout_basic, general_overflow_altar, kennysheep_generic_room_14
D:8:      layout_basic, nicolae_overflow_hidden_temple, enter_bailey_1

Skill      XL: |  1  2  3  4  5  6  7  8  9 |
---------------+----------------------------+-----
Unarmed Combat | 4 5 6 7 8 9 11 | 11.1
Throwing       | 2 3 4 5 |  5.7
Fighting       | 3 4 5 |  5.9
Dodging        | |  2.4

Action                     |  1- 3 |  4- 6 |  7- 9 || total
---------------------------+-------+-------+-------++-------
  Melee: Unarmed           |    86 |   145 |   232 ||   463
         Punch             |       |     2 |     9 ||    11
  Throw: Javelin           |       |     9 |    23 ||    32
         Dart              |       |       |     6 ||     6
         Boomerang         |       |       |    16 ||    16
 Invoke: Berserk           |     1 |     1 |     6 ||     8
         Trog's Hand       |       |       |     3 ||     3
    Use: Scroll            |       |     8 |     7 ||    15
         Potion            |       |       |     1 ||     1
 Armour: Animal skin       |    33 |    45 |       ||    78
         Robe              |       |       |    84 ||    84
  Dodge: Dodged            |    53 |    73 |   184 ||   310
